 Dungeon Crawl Stone Soup version 0.25-a0-737-g26c3a87c45 (webtiles) character file.

Game seed: 14809976132837417445, levelgen mode: deterministic

0 Maedhros the Charlatan (level 1, -2/13 HPs)
             Began as an Octopode Artificer on Apr 12, 2020.
             Slain by an adder (3 damage)
             ... on level 2 of the Dungeon.
             The game lasted 00:00:09 (60 turns).

Maedhros the Charlatan (Octopode Artificer)           Turns: 60, Time: 00:00:09

Health: -2/13      AC:  1    Str: 11    XL:     1   Next: 10%
Magic:  3/3        EV: 13    Int: 13    God:
Gold:   0          SH:  0    Dex: 12    Spells: 0/0 levels left

rFire    . . .     SeeInvis .   a - +0 short sword
rCold    . . .     Gourm    .   (no shield)
rNeg     . . .     Faith    .   (helmet restricted)
rPois    .         Spirit   .   (no amulet)
rElec    .         Reflect  .   (no ring)
rCorr    .         Harm     .   (no ring)
MR       .....                  (no ring)
Stlth    +++.......             (no ring)
HPRegen  0.04/turn              (no ring)
MPRegen  0.08/turn              (no ring)
                                (no ring)
                                (no ring)

@: lethally poisoned (-2 -> -10)
A: almost no armour, stealthy swim, amphibious, 8 rings, constrict 8, camouflage
1, gelatinous body 1
a: no special abilities


You were on level 2 of the Dungeon.
You were not hungry.

You visited 1 branch of the dungeon, and saw 2 of its levels.

Inventory:

Hand Weapons
 a - a +0 short sword (weapon)
Wands
 b - a wand of flame (15)
 c - a wand of enslavement (15)
 d - a wand of random effects (15)
Scrolls
 e - a scroll of teleportation {unknown}
Comestibles
 f - a ration


   Skills:
 - Level 1.0 Fighting
 - Level 1.0 Short Blades
 - Level 2.0 Dodging
 + Level 1.4 Stealth
 + Level 0.1 Unarmed Combat
 - Level 3.2 Evocations


You couldn't memorise any spells.
You didn't know any spells.
Your spell library was empty.

Dungeon Overview and Level Annotations

Branches:
Dungeon (2/15)

Altars:


Innate Abilities, Weirdness & Mutations

You cannot wear most types of armour.
You are very stealthy in the water. (Stealth+)
You are amphibious.
You can wear up to eight rings at the same time.
You can use your tentacles to constrict eight enemies at once.
Your skin changes colour to match your surroundings (Stealth+).
Your rubbery body absorbs attacks. (AC +1, EV +1)


Message History

An adder comes into view.
The adder hisses angrily.
The leopard gecko hisses angrily.
The leopard gecko bites you.
You hit the adder. Your grab misses the adder.
The adder is moderately wounded.
The adder closely misses you. The leopard gecko barely misses you.
The adder bites you.
You are poisoned.
The adder poisons you!
There are monsters nearby!
You closely miss the adder. Your grab misses the adder.
The adder is moderately wounded.
You feel sick. The leopard gecko bites you. The adder bites you.
* * * LOW HITPOINT WARNING * * *
You are too injured to fight recklessly!
Unknown command.
You closely miss the adder. You grab the adder.
The adder is moderately wounded.
You constrict the adder. The adder bites you.
You die...

## .. ####### #.
##...... #.
########<.#####
##.###.###........##
#.......†..########
...###S#### #@l.#
...$.....[.#
......####.....
...... ###.# .....
.. ..... . .... ....


You could see an adder and a leopard gecko.

Vanquished Creatures
  A rat (D:2)
1 creature vanquished.

Notes
Turn   | Place    | Note
-------+----------+-------------------------------------------
     0 | D:1      | Maedhros the Octopode Artificer began the quest for the
                  | Orb.
     0 | D:1      | Reached XP level 1. HP: 13/13 MP: 3/3
     6 | D:1      | Noticed a worker ant
     6 | D:1      | Noticed a komodo dragon
     8 | D:1      | Noticed a stone giant
    60 | D:2      | Slain by an adder

Levels and vault maps discovered:
D:1:      onia_arrival_zoo_common, layout_basic, minmay_misc_feat_columns
D:2:      layout_rooms, minmay_cut_off

Action                   || total
-------------------------++-------
Melee: Short sword       ||     7
       Constrict         ||     2
Armor: Skin              ||     1
Dodge: Dodged            ||     4

Table legend:
 A = Non-vault XP
 B = Vault XP
 C = Vault XP percentage of total XP
 D = Non-vault monster count
 E = Vault monster count
 F = Vault count percentage of total count
                 A         B        C        D         E       F
            +---------+---------+-------+---------+---------+-------
      Total |       1 |       0 |   0.0 |       1 |       0 |   0.0
            +---------+---------+-------+---------+---------+-------
        D:2 |       1 |       0 |   0.0 |       1 |       0 |   0.0
            +---------+---------+-------+---------+---------+-------
